 Dungeon Crawl Stone Soup version 0.29.0-13-gc9e81de378 (webtiles) character file.

Game seed: 1279248122966248273

9818 Arum the Fighter (level 11, 0/98 HPs)
             Began as a Formicid Fighter on Sept 9, 2022.
             Was a Believer of Ashenzari.
             Slain by a yak (6 damage)
             ... on level 10 of the Dungeon.
             The game lasted 00:17:14 (14662 turns).

Arum the Fighter (Formicid Fighter)                Turns: 14662, Time: 00:17:14

Health: 0/98       AC: 13    Str: 30    XL:     11   Next: 81%
Magic:  11/11      EV: 10    Int:  9    God:    Ashenzari [**....]
Gold:   651        SH:  8    Dex: 13    Spells: 10/10 levels left

rFire   . . .      SeeInvis +   K - +0 battleaxe
rCold   . . .      Faith    .   z - +2 buckler {reflect}
rNeg    . . .      Spirit   .   b - +0 scale mail "At What Cost Knowledge?" {Self, Comp} (curse)
rPois   .          Reflect  +   (helmet unavailable)
rElec   .          Harm     .   t - +0 cloak "Augurer of Ashenzari" {Self, Bglg} (curse)
rCorr   .          Rampage  .   (no gloves)
Will    ++...                   C - +1 pair of boots of the Astrological God {Alch, Range} (curse)
Stlth   ..........              (no amulet)
HPRegen 0.26/turn               w - +6 ring of strength
MPRegen 0.12/turn               k - ring of willpower

@: no status effects
A: permanent stasis, dig shafts and tunnels, antennae 3, four strong arms
a: Dig, Shaft Self, Renounce Religion, Shatter the Chains


You were on level 10 of the Dungeon.
You worshipped Ashenzari.
Ashenzari was pleased with you.
You visited 1 branch of the dungeon, and saw 10 of its levels.
You also visited: Bailey.

You collected 651 gold pieces.

Inventory:

Hand Weapons
 a - a +0 war axe
 s - a +3 quarterstaff of chaos
 H - a +3 hand axe of electrocution
 K - a +0 battleaxe (weapon)
Armour
 b - the cursed +0 scale mail "At What Cost Knowledge?" (worn) {Self, Comp}

   It has a curse which improves the following skills: Introspection: Fighting
   and Spellcasting.
   Companions: Summonings and Necromancy.
 d - a +0 plate armour
 t - the cursed +0 cloak "Augurer of Ashenzari" (worn) {Self, Bglg}
   (You took it off Crazy Yiuf on level 3 of the Dungeon)

   It has a curse which improves the following skills: Introspection: Fighting
   and Spellcasting.
   Beguiling: Conjurations, Hexes and Translocations.
 z - a +2 buckler of reflection (worn)
 A - +0 storm dragon scales
 B - a +4 ring mail
 C - the cursed +1 pair of boots of the Astrological God (worn) {Alch, Range}
   (You found it on level 5 of the Dungeon)

   It has a curse which improves the following skills: Alchemy: Poison Magic and
   Transmutations.
   Ranged Combat: Ranged Weapons and Throwing.
 I - the +1 scale mail of Protective Custody {Regen+ MP+9}
   (You found it in a bailey)

   MP:        It affects your magic capacity (+9).
   Regen:     It increases your rate of health regeneration.
Jewellery
 k - a ring of willpower (right hand)
 m - a ring of fire
 w - a +6 ring of strength (left hand)
 J - an amulet of magic regeneration
Wands
 n - a wand of paralysis (8)
 v - a wand of mindburst (19)
 F - a wand of flame (12)
Scrolls
 f - 2 scrolls of magic mapping
 h - 2 scrolls of fog
 i - 9 scrolls of identify
 j - 2 scrolls of summoning
 l - a scroll of amnesia
 u - 4 scrolls of poison
 y - a scroll of immolation
Potions
 e - 2 potions of curing
 g - 4 potions of attraction
 o - 2 potions of flight
 p - a potion of lignification
 q - 2 potions of brilliance
 r - 2 potions of mutation
 D - a potion of magic
 E - a potion of ambrosia
 G - 3 potions of cancellation


   Skills:
 + Level 11.1(13.0) Fighting
 + Level 10.0 Axes
 + Level 11.1 Armour
 + Level 8.8 Shields


You had 10 spell levels left.
You didn't know any spells.
Your spell library contained the following spells:

 Spells                   Type           Power      Damage    Failure   Level
 Confusing Touch          Hex            0%         N/A       94%         3
 Yara's Violent Unravell  Hex/Tmut       0%         3d3       100%        5
 Enfeeble                 Hex            0%         N/A       100%        7


Dungeon Overview and Level Annotations

Branches:
Dungeon (10/15)            Temple (0/1) D:6             Orc (0/2) D:9
 Bailey (visited)
   Lair: D:8-11

Altars:
Ashenzari
Dithmenos
Elyvilon
Fedhas
Hepliaklqana
Kikubaaqudgha
Nemelex Xobeh
Ru
Sif Muna
Uskayaw
Vehumet
Wu Jian
Yredelemnul
The Shining One


Innate Abilities, Weirdness & Mutations

You cannot be hasted, slowed, berserked, paralysed or teleported.
You can dig through walls and to a lower floor.
You have a pair of large antennae on your head. (SInv)
Your four strong arms can wield two-handed weapons with a shield.


Message History

The yak gores you but does no damage.
You slice the yak!!
The yak is severely wounded.
The yak gores you.
* * * LOW HITPOINT WARNING * * *
You slash the yak!
You kill the yak!
Your Axes skill increases to level 10!
You slash the yak!
The yak is moderately wounded.
The yak gores you.
* * * LOW HITPOINT WARNING * * *
The yak gores you.
* * * LOW HITPOINT WARNING * * *
You hit the yak.
The yak is heavily wounded.
The yak closely misses you.
You slash the yak!
The yak is severely wounded.
The yak barely misses you.
You hit the yak.
The yak is severely wounded.
The yak gores you!
* * * LOW HITPOINT WARNING * * *
You hit the yak but do no damage.
The yak is severely wounded.
You block the yak's attack.
You barely miss the yak.
The yak is severely wounded.
You block the yak's attack. x2
You slice the yak!!
You kill the yak!
You slice the yak!!
The yak is heavily wounded.
The yak gores you.
* * * LOW HITPOINT WARNING * * *
You slash the yak!
The yak is almost dead.
The yak gores you.
You die...

#Y.# #..# #..# #.Y#
#..# #..# #Y.# #..#
#..# #.Y# #..# #..#
#.Y# #..# #..# #..#
#..# #..# #..#
#..#######..#
#..####...........#
#..Y@...#########.#
#.#####.# #.# #.
#.# #.### #. #.#
#.... #.* #.# #....
#. #.# #.### #.*
#.# #.# #. .# #.#
#.#


You could see a yak.

Vanquished Creatures
  A death yak (D:8)
  An orc knight (Bailey)
  A deep elf pyromancer (Bailey)
  Psyche (D:9)
  A kobold demonologist (D:10)
  A hornet (D:9)
  Prince Ribbit (D:8)
  18 yaks
  A wyvern (D:9)
  5 water moccasins
  10 orc warriors
  A black bear (D:7)
  3 ice beasts (D:5)
  A sky beast (D:7)
  4 centaurs
  An ogre (D:4)
  2 phantoms (D:5)
  4 kobold brigands
  3 necrophages (D:4)
  3 bullfrogs (D:8)
  A scorpion (D:6)
  A water moccasin zombie (D:4)
  8 wights
  The ghost of kthxbai the Ruffian, a weakling NaTm (D:3)
  5 electric eels (D:8)
  A howler monkey (D:5)
  A hound (D:6)
  Crazy Yiuf (D:3)
  9 orc priests
  3 iguanas
  A scorpion zombie (D:4)
  Ijyb (D:3)
  3 orc wizards
  2 hound zombies (D:4)
  7 adders
  A shadow imp (D:8)
  A white imp (D:8)
  An ufetubus (D:7)
  51 orcs
  4 bats
  9 endoplasms
  9 giant cockroaches
  13 goblins
  5 hobgoblins
  4 jackals (D:3)
  7 quokkas
  6 ball pythons
  6 frilled lizards
  34 kobolds
  A quokka zombie (D:4)
  6 rats
  A rat zombie (D:6)
267 creatures vanquished.

Vanquished Creatures (others)
  2 bushes (D:4)
  20 plants
22 creatures vanquished.

Grand Total: 289 creatures vanquished

Notes
Turn   | Place    | Note
-------+----------+-------------------------------------------
     0 | D:1      | Arum the Formicid Fighter began the quest for the Orb.
     0 | D:1      | Reached XP level 1. HP: 18/18 MP: 1/1
    70 | D:1      | Reached XP level 2. HP: 18/24 MP: 2/2
   497 | D:1      | Reached XP level 3. HP: 24/30 MP: 3/3
  1300 | D:2      | Reached XP level 4. HP: 35/37 MP: 4/4
  1425 | D:2      | Found a faded altar of an unknown god.
  1498 | D:2      | Prayed at the altar of an unknown god.
  1498 | D:2      | Became a worshipper of Vehumet
  1498 | D:2      | Reached * piety under Vehumet
  1498 | D:2      | Offered knowledge of Foxfire by Vehumet.
  1501 | D:2      | Fell from the grace of Vehumet
  2119 | D:3      | Noticed Ijyb
  2123 | D:3      | Reached XP level 5. HP: 42/42 MP: 5/5
  2128 | D:3      | Killed Ijyb
  2212 | D:3      | Found a broken altar of Ashenzari.
  2221 | D:3      | Became a worshipper of Ashenzari the Shackled
  2303 | D:3      | Found a runed translucent door.
  2310 | D:3      | Noticed kthxbai's ghost (weakling NaTm)
  2881 | D:3      | Found a runed translucent door.
  2882 | D:3      | Noticed Crazy Yiuf
  2966 | D:3      | Killed Crazy Yiuf
  2967 | D:3      | Reached XP level 6. HP: 18/49 MP: 6/6
  3362 | D:3      | Killed kthxbai's ghost
  3482 | D:4      | Found a blossoming altar of Fedhas.
  3596 | D:4      | Reached skill level 5 in Fighting
  3596 | D:4      | Reached skill level 5 in Armour
  3606 | D:4      | Reached XP level 7. HP: 37/56 MP: 7/7
  3839 | D:4      | Found a shadowy altar of Dithmenos.
  4731 | D:5      | Entered Level 5 of the Dungeon
  4778 | D:5      | Reached skill level 5 in Axes
  4778 | D:5      | Reached XP level 8. HP: 46/65 MP: 8/8
  5481 | D:5      | Was forgiven by Vehumet
  6170 | D:5      | Reached * piety under Ashenzari
  6408 | D:6      | Found a staircase to the Ecumenical Temple.
  6507 | D:6      | Reached XP level 9. HP: 57/68 MP: 9/9
  7537 | D:6      | Found an ancient bone altar of Kikubaaqudgha.
  7635 | D:6      | Found a sacrificial altar of Ru.
  8234 | D:7      | Reached ** piety under Ashenzari
  8431 | D:7      | Found a sparkling altar of Nemelex Xobeh.
  8744 | D:8      | Reached XP level 10. HP: 82/86 MP: 10/10
  8761 | D:8      | Found a basalt altar of Yredelemnul.
  8845 | D:8      | Found a white marble altar of Elyvilon.
  8847 | D:8      | Found an ornate altar of the Wu Jian Council.
  9180 | D:8      | Found a shimmering blue altar of Sif Muna.
  9195 | D:8      | Noticed Prince Ribbit
  9206 | D:8      | Killed Prince Ribbit
  9650 | D:8      | Found a hazy altar of Hepliaklqana.
  9956 | D:8      | Reached skill level 5 in Shields
 10010 | D:8      | Reached *** piety under Ashenzari
 10395 | D:8      | Noticed a death yak
 10435 | D:8      | Killed a death yak
 10442 | D:8      | Reached skill level 10 in Fighting
 10442 | D:8      | Reached skill level 10 in Armour
 11039 | D:8      | Identified the +0 leather armour of the Spider Nest {Str+3
                  | Int+4}
 11044 | D:8      | Reached XP level 11. HP: 96/96 MP: 11/11
 11350 | D:9      | Found a flagged portal.
 11553 | Bailey   | Entered a bailey
 11883 | Bailey   | Found a large runed translucent door.
 11883 | Bailey   | Found a large runed translucent door.
 11884 | Bailey   | Noticed an orc knight
 11885 | Bailey   | Noticed a deep elf pyromancer
 12093 | Bailey   | Killed an orc knight
 12338 | Bailey   | Identified the +1 scale mail of Protective Custody {Regen+
                  | MP+9}
 12378 | Bailey   | Killed a deep elf pyromancer
 12833 | D:9      | Noticed Psyche
 12852 | D:9      | Killed Psyche
 13443 | D:9      | Found a staircase to the Orcish Mines.
 13660 | D:9      | Found a glowing golden altar of the Shining One.
 13833 | D:9      | Found a radiant altar of Vehumet.
 14139 | D:10     | Entered Level 10 of the Dungeon
 14147 | D:10     | Found a hide-covered altar of Uskayaw.
 14292 | D:10     | Noticed a soul eater
 14654 | D:10     | Reached skill level 10 in Axes
 14662 | D:10     | Slain by a yak

Illustrated notes

Levels and vault maps discovered:
D:1:      lightli_arrival_farm, layout_basic
D:2:      layout_loops_ring, nicolae_ecumenical_lake_church,
          kennysheep_decorative_pillar, chequers_serial_rivers_micro_b,
          minmay_pentomino_s2
D:3:      layout_loops_ring, ashenzari_altar_1, ebering_ghost_reflecting_pool,
          chequers_serial_rivers_marsh, minivault_26, minmay_tree_intersection,
          uniq_crazy_yiuf_cottage, uniq_ijyb
D:4:      layout_layer_cave, fedhas_altar_decomposition, grunt_dithmenos_smoke
D:5:      layout_gridville, serial_rivers, chequers_serial_rivers_marsh,
          chequers_serial_rivers_micro_d, chequers_serial_rivers_large_a,
          chequers_serial_rivers_micro_b
D:6:      layout_cave_pools, nicolae_ru_path_of_blood,
          lemuel_zombie_altar_kikubaaqudgha, minmay_temple_entry_trees
D:7:      layout_basic, nemelex_xobeh_ov_fountains_minmay
D:8:      argonaut_augean_stables, layout_basic, mainiacjoe_overflow_alcove_4,
          tgw_sif, chequers_temple_overflow_statue_of_worship,
          mainiacjoe_overflow_cross_hatched, uniq_prince_ribbit1
D:9:      kennysheep_kobold_camp, layout_irregular_city, tso_metal_star,
          mainiacjoe_overflow_alcove_2, david_orc_5, enter_bailey_3,
          chequers_serial_rivers_micro_d, uniq_psyche
D:10:     layout_long_grid, grunt_temple_overflow_champion_of_chaos,
          lemuel_doored_altar, uniq_nergalle

Skill      XL: |  1  2  3  4  5  6  7  8  9 10 11 |
---------------+----------------------------------+-----
Fighting       | 4 5 6 7 8 10 11 | 11.1
Armour         | 4 5 6 7 8 10 11 | 11.1
Axes           | 3 4 5 6 7 9 10 | 10.0
Shields        | 6 8 |  8.8

Action                   |  1- 3 |  4- 6 |  7- 9 | 10-12 || total
-------------------------+-------+-------+-------+-------++-------
Melee: War axe           |    85 |   150 |   348 |   331 ||   914
       Battleaxe         |       |       |       |    51 ||    51
Invok: Renounce Religion |       |     1 |       |       ||     1
       Curse Item        |       |       |     3 |     1 ||     4
       Shatter the Chain |       |       |       |     1 ||     1
 Abil: Dig               |       |       |     1 |     6 ||     7
Evoke: Wand              |       |       |       |     7 ||     7
  Use: Potion            |       |       |       |     8 ||     8
       Scroll            |       |       |       |     2 ||     2
Armor: Scale mail        |    46 |    68 |   185 |   101 ||   400
Dodge: Dodged            |    35 |    64 |   196 |   118 ||   413
Block: Buckler           |    21 |    36 |    99 |    97 ||   253
